 Dungeon Crawl Stone Soup version 0.21.1-1-g345015f (webtiles) character file.

16 tidbits the Charmwright (level 2, -2/26 HPs)
             Began as a Gnoll Skald on June 18, 2018.
             Slain by Sigmund
             ... wielding a +6 scythe of slicing
              (15 damage)
             ... on level 4 of the Dungeon.
             The game lasted 00:02:23 (204 turns).

tidbits the Charmwright (Gnoll Skald)                Turns: 204, Time: 00:02:23

Health: -2/26      AC:  4    Str: 13    XL:     2   Next: 58%
Magic:  5/7        EV: 14    Int: 15    God:
Gold:   13         SH:  0    Dex: 14    Spells: 4/10 levels left

rFire    . . .     SeeInvis .   i - +1 flail (protect)
rCold    . . .     Gourm    .   (no shield)
rNeg     . . .     Faith    .   b - +0 leather armour
rPois    .         Spirit   .   E - +0 helmet
rElec    .         Reflect  .   (no cloak)
rCorr    .         Harm     .   (no gloves)
MR       .....                  (no boots)
Stlth    +.........             (no amulet)
HPRegen  0.08/turn              (no ring)
MPRegen  0.10/turn              (no ring)

@: confused, infused
A: distributed training, fangs 1, strong nose
a: no special abilities


You were on level 4 of the Dungeon.
You were not hungry.

You visited 1 branch of the dungeon, and saw 4 of its levels.

You collected 13 gold pieces.

Inventory:

Hand Weapons
 a - a +0 hand axe
 g - a +0 flail
 i - a +1 flail of protection (weapon)
   (You took it off an orc on level 4 of the Dungeon)
Armour
 b - a +0 leather armour (worn)
 E - a +0 helmet (worn)
Scrolls
 e - a scroll of teleportation {unknown}
 f - 2 scrolls of identify {unknown}
 h - a scroll of blinking {unknown}
Books
 c - a book of Battle

   Spells                             Type                      Level
   a - Infusion                       Charms                       1
   b - Shroud of Golubria             Charms/Translocation         2
   c - Song of Slaying                Charms                       2
   d - Spectral Weapon                Hexes/Charms                 3
   e - Regeneration                   Charms/Necromancy            3
 j - a book of Cantrips
   (You found it on level 4 of the Dungeon)

   Spells                             Type                      Level
   a - Confusing Touch                Hexes                        1
   b - Animate Skeleton               Necromancy                   1
   c - Summon Small Mammal            Summoning                    1
   d - Apportation                    Translocation                1
Comestibles
 d - 2 rations


   Skills:
 + Level 4.5 Fighting
 + Level 0.4 Short Blades
 + Level 0.4 Long Blades
 + Level 4.5 Axes
 + Level 0.4 Maces & Flails
 + Level 0.4 Polearms
 + Level 0.4 Staves
 + Level 0.4 Slings
 + Level 0.4 Bows
 + Level 0.4 Crossbows
 + Level 0.4 Throwing
 + Level 2.5 Armour
 + Level 4.5 Dodging
 + Level 0.4 Stealth
 + Level 0.4 Shields
 + Level 0.4 Unarmed Combat
 + Level 4.9 Spellcasting
 + Level 0.2 Conjurations
 + Level 0.2 Hexes
 + Level 5.3 Charms
 + Level 0.2 Summonings
 + Level 0.2 Necromancy
 + Level 0.2 Translocations
 + Level 0.2 Transmutations
 + Level 0.2 Fire Magic
 + Level 0.2 Ice Magic
 + Level 0.2 Air Magic
 + Level 0.2 Earth Magic
 + Level 0.2 Poison Magic
 + Level 0.5 Invocations
 + Level 0.4 Evocations


You had 4 spell levels left.
You knew the following spells:

 Your Spells              Type           Power        Failure   Level  Hunger
g - Shroud of Golubria    Chrm/Tloc      ##........   10%         2    ##.....
i - Infusion              Chrm           ###.         2%          1    None
y - Song of Slaying       Chrm           ###.....     3%          2    ##.....
A - Apportation           Tloc           #.....       19%         1    None


Dungeon Overview and Level Annotations

Branches:
Dungeon (4/15)
 Temple: D:4-7

Altars:

Annotations:
D:4 Sigmund


Innate Abilities, Weirdness & Mutations

Your experience applies equally to all skills.
You have very sharp teeth.
Your uncanny sense of smell can sniff out nearby items.


Message History

Found a stone staircase leading down.
You see here a leather armour.
An orc comes into view.
The orc shouts!
The adder hisses angrily.
You hear a shout! x2
Unknown command.
An orc comes into view. It is wielding a short sword.
There is a stone staircase leading down here.
Unknown command.
Unknown command.
You climb downwards.
There is a stone staircase leading up here.
Your magical infusion is running out.
Unknown command.
An orc comes into view. It is wielding a club.
The orc shouts!
You hear a shout! 2 orcs come into view.
An orc is wielding a flail of protection.
The orc shouts!
You are no longer magically infusing your attacks.
Found a scroll labeled WOZXESM ATSAG.
You see here a scroll labeled WOZXESM ATSAG.
h - a scroll labeled WOZXESM ATSAG
Casting: Infusion
Confirm with . or Enter, or press ? or * to list all spells.
You begin infusing your attacks with magical energy.
You hit the orc!
You kill the orc!
The orc closely misses you.
You barely miss the orc. You barely miss the orc.
You bite the orc, but do no damage. You hit the orc.
The orc is lightly wounded.
The orc barely misses you.
You closely miss the orc. The orc closely misses you.
You barely miss the orc.
The orc hits you with a flail of protection.
You hit the orc.
The orc is lightly wounded.
The orc hits you with a flail of protection.
* * * LOW HITPOINT WARNING * * *
You closely miss the orc. You bite the orc, but do no damage.
The orc is lightly wounded.
The orc hits you with a flail of protection.
* * * LOW HITPOINT WARNING * * *
You hit the orc.
The orc is heavily wounded.
You hit the orc. Your bite misses the orc.
The orc is almost dead.
The orc barely misses you.
You hit the orc.
You kill the orc!
You closely miss the orc. The orc hits you but does no damage.
You hit the orc.
The orc is almost dead.
The orc hits you with a dagger.
* * * LOW HITPOINT WARNING * * *
You hit the orc!
You kill the orc!
Things that are here:
a dagger; a flail of protection; a club
i - a flail of protection Wield which item (- for none, * to show all)? (? for menu, Esc to quit)
Your +1 flail of protection hums with potential!
i - a +1 flail of protection (weapon)
Memorise Song of Slaying, consuming 2 spell levels and leaving 7?
You start memorising the spell.
You continue memorising. x2
You finish memorising.
Spell assigned to 'y'.
Memorise Shroud of Golubria, consuming 2 spell levels and leaving 5?
You start memorising the spell.
You continue memorising. x2
You finish memorising.
Spell assigned to 'g'.
Your magical infusion is running out.
You are no longer magically infusing your attacks.
Found a paperback book.
Found a whip.
You see here a book of Cantrips.
j - a book of Cantrips Memorise Apportation, consuming 1 spell level and leaving 4?
You start memorising the spell.
You continue memorising.
You finish memorising.
Spell assigned to 'A'.
Okay, then.
You see here a whip.
An adder and Sigmund come into view.
Sigmund is wielding a scythe of slicing.
Sigmund shouts!
The adder hisses angrily.
You hear an angry hiss.
An orc comes into view.
It is wielding a falchion of holy wrath.
You aren't carrying any potions.
Unknown command.
You see here a whip.
Casting: Infusion
Confirm with . or Enter, or press ? or * to list all spells.
You begin infusing your attacks with magical energy.
Sigmund gestures at you while chanting.
You are confused.
An adder comes into view.
The adder hisses angrily.
You see here a whip.
You miss Sigmund. Sigmund closely misses you.
Sigmund hits you from afar with a scythe of slicing!
Ouch! That really hurt!
You die...

#.# #<....... #.#
########. .o.. #.# ...
#.# ... #.# S. #.# #.#
#.# ..# #.#
###########S###### #.#
#.......@)@S......
#.#####.################
#.......# #########


You could see Sigmund and 2 adders.

Vanquished Creatures
  A gnoll (D:3)
  3 orcs (D:4)
4 creatures vanquished.

Notes
Turn   | Place    | Note
-------+----------+-------------------------------------------
     0 | D:1      | tidbits the Gnoll Skald began the quest for the Orb.
     0 | D:1      | Reached XP level 1. HP: 20/20 MP: 6/6
   104 | D:3      | Reached XP level 2. HP: 15/26 MP: 2/7
   168 | D:4      | Learned a level 2 spell: Song of Slaying
   171 | D:4      | Learned a level 2 spell: Shroud of Golubria
   191 | D:4      | Learned a level 1 spell: Apportation
   198 | D:4      | Noticed Sigmund
   204 | D:4      | Slain by Sigmund

Action                   || total
-------------------------++-------
Melee: Hand axe          ||    18
       Bite              ||     2
       Flail             ||     1
 Cast: Infusion          ||     3
Armor: Leather armour    ||     2
Dodge: Dodged            ||     7

Table legend:
 A = Turns spent in this place as a percentage of turns spent in the entire game.
 B = Non-inter-level travel turns spent in this place as a percentage of non-inter-level travel turns spent in the entire game.
 C = Inter-level travel turns spent in this place as a percentage of turns spent in this place.
 D = Turns resting spent in this place as a percentage of non-inter-level travel turns spent in this place.
 E = Turns spent auto-exploring this place as a percentage of non-inter-level travel turns spent in this place.
 F = Non-inter-level travel turns spent in this place divided by the number of levels of this place that you've seen.
                   A       B       C       D       E      F
               +-------+-------+-------+-------+-------+----------------------
         Total | 100.0 | 100.0 |   0.0 |   0.0 |   0.0 |  51.0
       Dungeon | 100.0 | 100.0 |   0.0 |   0.0 |   0.0 |  51.0
               +-------+-------+-------+-------+-------+----------------------

Table legend:
 A = Kills in this place as a percentage of kills in entire the game.
 B = Kills by you in this place as a percentage of kills by you in the entire game.
 C = Kills by friends in this place as a percentage of kills by friends in the entire game.
 D = Other kills in this place as a percentage of other kills in the entire game.
 E = Experience gained in this place as a percentage of experience gained in the entire game.
 F = Experience gained in this place divided by the number of levels of this place that you have seen.
                   A       B       C       D       E      F
               +-------+-------+-------+-------+-------+----------------------
         Total | 100.0 | 100.0 |   N/A |   N/A | 100.0 |   6.0
       Dungeon | 100.0 | 100.0 |   N/A |   N/A | 100.0 |   6.0
               +-------+-------+-------+-------+-------+----------------------

Vault maps used:
D:1:      ncdulo_lavacross
D:2:      minmay_hexomino_f4
D:3:      marbit_many_paths
D:4:      minmay_temple_entry_poolview, first_ration, st_stairs_5, minivault_19,
          uniq_eustachio, uniq_sigmund
